 Dungeon Crawl Stone Soup version 0.30.0-19-g36f170ea60 (webtiles) character file.

Game seed: 1100338730112336622

251 Irreverend the Chiller (level 5, -4/27 (28) HPs)
             Began as a Deep Elf Ice Elementalist on May 29, 2023.
             Slain by a wight
             ... wielding a +0 long sword
              (8 damage)
             ... on level 4 of the Dungeon.
             The game lasted 00:06:34 (3708 turns).

Irreverend the Chiller (Deep Elf Ice Elementalist)  Turns: 3708, Time: 00:06:35

HP:   -4/27 (28)    AC:  9    Str:  5    XL:     5   Next: 88%
MP:   8/14          EV: 14    Int: 22    God:
Gold: 155           SH:  0    Dex: 15    Spells: 7/14 levels left

rFire   . . .        (no weapon)
rCold   . . .        (no shield)
rNeg    . . .        a - +0 robe
rPois   .            (no helmet)
rElec   .            (no cloak)
rCorr   .            (no gloves)
SInv    .            (no boots)
Will    .....        (no amulet)
Stlth   ++           (no ring)
HPRegen 0.24/turn    (no ring)
MPRegen 0.14/turn

%: no passive effects
@: ice-armoured, lightly drained
A: no striking features
a: no special abilities


You were on level 4 of the Dungeon.
You visited 1 branch of the dungeon, and saw 4 of its levels.

You collected 155 gold pieces.

Inventory:

Armour
 a - a +0 robe (worn)
Jewellery
 o - a +6 ring of dexterity
Scrolls
 e - 2 scrolls of teleportation {unknown}
 f - 4 scrolls of identify {unknown}
 g - a scroll of blinking {unknown}
 h - 3 scrolls of magic mapping {unknown}
 i - 2 scrolls of immolation {unknown}
 j - a scroll of fear {unknown}
 k - a scroll of acquirement {unknown}
 q - a scroll of brand weapon {unknown}
Potions
 c - a potion of cancellation {unknown}
 d - 2 potions of mutation {unknown}
 l - a potion of resistance {unknown}
 m - 3 potions of degeneration {unknown}
 n - 3 potions of heal wounds {unknown}
 p - a potion of ambrosia {unknown}


   Skills:
 + Level 4.7 Dodging
 - Level 2.4 Stealth
 + Level 5.3 Spellcasting
 + Level 5.7 Ice Magic


You had 7 spell levels left.
You knew the following spells:

 Your Spells              Type           Power      Damage    Failure   Level
a - Freeze                Ice            100%       1d10      1%          1
b - Frozen Ramparts       Ice            62%        1d10      2%          3
c - Ozocubu's Armour      Ice            31%        N/A       2%          3

Your spell library contained the following spells:

 Spells                   Type           Power      Damage    Failure   Level
 Summon Ice Beast         Ice/Summ       18%        N/A       30%         4
 Conjure Ball Lightning   Conj/Air       2%         3x3d6     100%        6
 Discord                  Hex            2%         N/A       100%        8
 Disjunction              Tloc           2%         N/A       100%        8


Dungeon Overview and Level Annotations

Branches:
Dungeon (4/15)
 Temple: D:4-7

Altars:
Makhleb

Shops:
D:1 :   D:2 (

Annotations:
D:4 Dowan


Message History

Confirm with . or Enter, or press ? or * to list all spells.
Aiming: Freeze (safe; 1% risk of failure)
Press: ? - help, Shift-Dir - straight line, f - Duvessa, p - wight
Aim: Duvessa, wielding a +0 short sword and wearing a +0 scale mail (heavily wounded)
You freeze Duvessa!
Duvessa is severely wounded.
The wight resists.
The wall freezes the wight.
The wight barely misses you.
The wall freezes Dowan!
The wight resists.
The wall freezes the wight.
The wall freezes Duvessa but does no damage.
Duvessa misses you.
Casting: Freeze (safe; 1% risk of failure)
Confirm with . or Enter, or press ? or * to list all spells.
Aiming: Freeze (safe; 1% risk of failure)
Press: ? - help, Shift-Dir - straight line, f/p - Duvessa
Aim: Duvessa, wielding a +0 short sword and wearing a +0 scale mail (severely wounded)
You freeze Duvessa.
Duvessa is almost dead.
The wall freezes the wight but does no damage.
The wight hits you from afar with a +4 halberd.
* * * LOW HITPOINT WARNING * * *
The wall freezes the wight but does no damage.
The wight barely misses you.
The wight completely resists.
The wall freezes the wight but does no damage.
The wall freezes Duvessa.
Duvessa closely misses you.
The wall freezes Dowan.
Casting: Freeze (safe; 1% risk of failure)
Confirm with . or Enter, or press ? or * to list all spells.
Aiming: Freeze (safe; 1% risk of failure)
Press: ? - help, Shift-Dir - straight line, f/p - Duvessa
Aim: Duvessa, wielding a +0 short sword and wearing a +0 scale mail (almost dead)
You freeze Duvessa!
You kill Duvessa!
Dowan screams, "No!
Oh no!"
Dowan seems to find hidden reserves of power!
The frozen ramparts melt away.
The wight hits you from afar with a +4 halberd.
* * * LOW HITPOINT WARNING * * *
You feel drained.
* * * LOW HITPOINT WARNING * * *
The wight hits you with a +0 long sword!
You die...

#......# #.####.#
#.#..#.# #.#..#.#
# #^#..#.#####.#
.. #.#..#........
... #†#....#####..
.... #.#<...####
e.... #@#.........
...?..#ezz.....<.#
........z#########
<.......).......
.....###..######
#.... .#... #.## .
#..# # .. #.# ..
.#


You could see Dowan (fast) and 3 wights.

Vanquished Creatures
  Duvessa (D:4)
  A scorpion (D:4)
  Crazy Yiuf (D:2)
  Terence (D:2)
  An orc wizard (D:4)
  4 gnolls (D:2)
  An adder (D:4)
  An ufetubus (D:3)
  4 worms (D:3)
  2 dart slugs
  2 orcs (D:4)
  4 ball pythons
  4 bats
  6 endoplasms
  2 giant cockroaches
  4 hobgoblins
  2 kobolds
  4 quokkas
  3 frilled lizards
  A goblin (D:3)
  4 rats
53 creatures vanquished.

Notes
Turn   | Place    | Note
-------+----------+-------------------------------------------
     0 | D:1      | Irreverend the Deep Elf Ice Elementalist began the quest
                  | for the Orb.
     0 | D:1      | Reached XP level 1. HP: 10/10 MP: 6/6
   238 | D:1      | Found Xifobboc's Book Shoppe.
   255 | D:1      | Reached XP level 2. HP: 11/15 MP: 4/8
  1148 | D:2      | Reached XP level 3. HP: 18/19 MP: 5/10
  1152 | D:2      | Learned a level 3 spell: Frozen Ramparts
  1156 | D:2      | Learned a level 3 spell: Ozocubu's Armour
  1250 | D:2      | Reached skill level 5 in Ice Magic
  1251 | D:2      | Reached XP level 4. HP: 24/24 MP: 4/12
  1317 | D:2      | Found Cocyaw's Antique Weapon Boutique.
  1609 | D:2      | Found a faded altar of an unknown god.
  1802 | D:2      | Noticed Terence
  1806 | D:2      | Killed Terence
  1914 | D:2      | Found a runed translucent door.
  1915 | D:2      | Noticed Crazy Yiuf
  1998 | D:2      | Killed Crazy Yiuf
  2217 | D:3      | Found a burning altar of Makhleb.
  2463 | D:3      | Reached XP level 5. HP: 20/28 MP: 5/14
  3601 | D:4      | Reached skill level 5 in Spellcasting
  3655 | D:4      | Noticed Duvessa
  3704 | D:4      | Noticed Dowan
  3708 | D:4      | Killed Duvessa
  3708 | D:4      | Slain by a wight

Illustrated notes

Levels and vault maps discovered:
D:1:      dpeg_arrival_round_a, layout_loops_ring, serial_shops, shop
D:2:      layout_loops_ring, ebering_ecumenical_altar_sacrificial, serial_shops,
          shop, minmay_cut_off, uniq_terence, uniq_crazy_yiuf_cottage
D:3:      layout_loops_corners, mainiacjoe_overflow_small_starburst,
          minmay_misc_feat_rows, hex_medium
D:4:      layout_basic, chei_slow_surprise, dk_rats_in_the_wall, uniq_natasha,
          uniq_pikel, uniq_duvessa, uniq_robin

Skill      XL: |  1  2  3  4  5 |
---------------+----------------+-----
Dodging        | 3 4 |  4.7
Spellcasting   | 4 5 |  5.3
Ice Magic      | 5 |  5.7
Stealth        | |  2.4

Action                     |  1- 3 |  4- 6 || total
---------------------------+-------+-------++-------
  Melee: Unarmed           |     2 |     1 ||     3
         Punch             |     1 |       ||     1
   Cast: Freeze            |    36 |    26 ||    62
         Frozen Ramparts   |     2 |    21 ||    23
         Ozocubu's Armour  |     2 |    14 ||    16
    Use: Potion            |       |     1 ||     1
 Armour: Robe              |     5 |     7 ||    12
  Dodge: Dodged            |    26 |    28 ||    54
